 Dungeon Crawl Stone Soup version 0.32-a0-163-g159c032296 (webtiles) character file.

Game seed: 1559732124827017279

21989 greenreed the Grappler (level 12, 0/115 (126) HPs)
             Began as a Troll Shapeshifter on Feb 11, 2024.
             Was a High Priest of Okawaru.
             Slain by a skeletal warrior
             ... wielding a +0 war axe
              (15 damage)
             ... on level 12 of the Dungeon.
             The game lasted 00:28:06 (9514 turns).

greenreed the Grappler (Troll Shapeshifter)         Turns: 9514, Time: 00:28:07

HP:   0/115 (126)   AC: 12    Str: 29    XL:     12   Next: 59%
MP:   11/13         EV: 13    Int:  6    God:    Okawaru [*****.]
Gold: 834           SH:  5    Dex:  9    Spells: 11/11 levels left

rFire   . .          .
                       - Unarmed
rCold   . . .        (no shield)
rNeg    . . .        D - +0 steam dragon scales
rPois   +            (helmet currently unavailable)
rElec   .            (cloak currently unavailable)
rCorr   .            (gloves unavailable)
SInv    .            (boots unavailable)
Will    .....        r - amulet of reflection
Stlth   +++          u - +4 ring of protection
HPRegen 1.19/turn    w - ring of poison resistance
MPRegen 0.13/turn

%: reflection
@: beast-form, heroic, studying Ranged Weapons, drained
A: beast (slay +4), large, unfitting armour, claws 3, regeneration 1, shaggy fur
1, tough skin 1
a: Begin Untransformation, Renounce Religion, Heroism, Finesse, Duel


You were on level 12 of the Dungeon.
You worshipped Okawaru.
Okawaru was extremely pleased with you.
You were a hulking beast.
You visited 2 branches of the dungeon, and saw 14 of its levels.
You also visited: Gauntlet.

You collected 977 gold pieces.
You spent 143 gold pieces at shops.

Inventory:

Hand Weapons
 I - the +9 spear of Aseummen {pain, rC++ Str-5 Dex+5}
   (You found it in a Gauntlet)

   Str-5:     It affects your strength (-5).
   Dex+5:     It affects your dexterity (+5).
   rC++:      It greatly protects you from cold.
Missiles
 l - 7 atropa-tipped darts
 M - 2 throwing nets
 O - 7 curare-tipped darts (quivered)
Armour
 B - a +0 cloak
 D - +0 steam dragon scales (worn)
 J - a scarf of shadows
Magical Staves
 K - the staff of Disharmony {rElec Will+ Dex+3 Air}
   (You found it in a Gauntlet)

   [staff of air]

   Base accuracy: +5 Base damage: 5 Base attack delay: 1.2 This weapon's minimum
   attack delay (0.6) is reached at skill level 12.
   Dex+3:     It affects your dexterity (+3).
   rElec:     It insulates you from electricity.
   Will+:     It increases your willpower.
   Air:       It increases the power of your Air spells.
   It falls into the 'Staves' category.
   It is a one-clawed weapon.
Jewellery
 a - an amulet of guardian spirit
 r - an amulet of reflection (around neck)
 u - a +4 ring of protection (left claw)
 w - a ring of poison resistance (right claw)
 z - a +6 ring of strength
 H - a ring of wizardry
 N - a ring of resist corrosion
 P - an amulet of regeneration
Talismans
 c - a beast talisman (active)
 d - a flux talisman
 F - a dragon-blood talisman
Wands
 t - a wand of mindburst (8)
 v - a wand of flame (37)
 A - a wand of polymorph (9)
 C - a wand of quicksilver (17)
Scrolls
 e - 5 scrolls of teleportation {unknown}
 f - 16 scrolls of identify {unknown}
 g - a scroll of fear {unknown}
 k - 2 scrolls of silence {unknown}
 m - a scroll of enchant weapon {unknown}
 n - 3 scrolls of amnesia {unknown}
 p - 2 scrolls of fog {unknown}
 q - 2 scrolls of immolation {unknown}
 x - 3 scrolls of enchant armour {unknown}
 y - 2 scrolls of vulnerability {unknown}
 L - a scroll of noise {unknown}
Potions
 b - 6 potions of lignification
 h - 3 potions of might {unknown}
 i - 6 potions of mutation {unknown}
 j - 5 potions of curing
 o - 2 potions of enlightenment {unknown}
 s - 3 potions of brilliance {unknown}
 E - a potion of degeneration {unknown}
 G - a potion of heal wounds


   Skills:
 * Level 10.3(15.3) Fighting
 + Level 7.3(12.3) Dodging
 * Level 12.5(17.5) Unarmed Combat
 + Level 3.9 Invocations
 + Level 8.3 Shapeshifting


You had 11 spell levels left.
You didn't know any spells.
Your spell library contained the following spells:

 Spells                   Type           Power      Damage    Failure   Level
 Lesser Beckoning         Tloc           0%         N/A       58%         2
 Static Discharge         Conj/Air       0%         3-3/arc   58%         2
 Sublimation of Blood     Necr           0%         N/A       58%         2
 Gell's Gravitas          Tloc           0%         N/A       83%         3
 Teleport Other           Tloc           0%         N/A       83%         3
 Airstrike                Air            0%         2d(0-16)  99%         4
 Brom's Barrelling Bould  Conj/Erth      0%         2d3       99%         4
 Dimensional Bullseye     Hex/Tloc       0%         N/A       99%         4
 Iskenderun's Mystic Bla  Conj/Tloc      0%         2d3       99%         4
 Passage of Golubria      Tloc           0%         N/A       99%         4
 Alistair's Intoxication  Alch           0%         N/A       100%        5
 Borgnjor's Vile Clutch   Necr/Erth      0%         N/A       100%        5
 Fireball                 Conj/Fire      0%         3d3       100%        5
 Iskenderun's Battlesphe  Conj           0%         2d6       100%        5
 Silence                  Hex/Air        0%         N/A       100%        5
 Yara's Violent Unravell  Hex/Alch       0%         3d3       100%        5
 Conjure Ball Lightning   Conj/Air       0%         3x3d6     100%        6
 Eringya's Noxious Bog    Alch           0%         4d6       100%        6
 Orb of Destruction       Conj           0%         9d5       100%        7
 Lehudib's Crystal Spear  Conj/Erth      0%         10d2      100%        8
 Call Imp                 Summ           Unusable   N/A       N/A         2
 Tukima's Dance           Hex            Unusable   N/A       N/A         3
 Summon Lightning Spire   Summ/Air       Unusable   N/A       N/A         4
 Summon Hydra             Summ           Unusable   N/A       N/A         7

Dungeon Overview and Level Annotations

Branches:
Dungeon (13/15)            Temple (1/1) D:7            Lair (0/5) D:11
    Orc (0/2) D:12        Gauntlet (visited)
 Vaults: D:13-14

Altars:
Ashenzari
Cheibriados
Dithmenos
Elyvilon
Fedhas
Gozag
Hepliaklqana
Kikubaaqudgha
Makhleb
Nemelex Xobeh
Okawaru
Qazlal
Ru
Sif Muna
Trog
Uskayaw
Vehumet
Wu Jian
Xom
Yredelemnul
Zin
The Shining One

Shops:
D:3 (   D:8 !


Innate Abilities, Weirdness & Mutations

You are a hulking beast.
Your limbs bulge with bestial killing power. (Slay +4)
You are too large for most types of armour.
You have claws for hands.
Your natural rate of healing is unusually fast.
You are covered in fur. (AC +1)
You have tough skin. (AC +1)


Message History

You mangle the skeletal warrior!!
The skeletal warrior is almost destroyed.
The skeletal warrior hits you with a +0 mace!!
You mangle the skeletal warrior!!
You destroy the skeletal warrior!
Okawaru accepts your kill.
You start resting.
HP restored.
You climb downwards.
The skeletal warrior barely misses you.
The skeletal warrior hits you but does no damage.
The skeletal warrior closely misses you.
The skeletal warrior hits you with a +0 mace!
You block the skeletal warrior's attack.
The skeletal warrior barely misses you.
There is a stone staircase leading up, spattered with blood here.
Unknown command.
The skeletal warrior hits you with a +0 mace!
The skeletal warrior hits you with a +0 scimitar!
The skeletal warrior hits you with a +0 war axe!
You climb upwards.
There is a stone staircase leading down, spattered with blood here.
Unknown command.
Unknown command.
Unknown command.
You gain the combat prowess of a mighty hero.
The skeletal warrior hits you with a +0 mace!
The skeletal warrior hits you but does no damage.
The skeletal warrior hits you with a +0 war axe!
* * * LOW HITPOINT WARNING * * *
Unknown command.
Unknown command.
Aiming: Duel (67% risk of failure)
Press: ? - help, Dir - move target, f - skeletal warrior
Aim: a skeletal warrior, wielding a +0 mace You fail to use your ability.
You block the skeletal warrior's attack.
The skeletal warrior hits you with a +0 scimitar!!
* * * LOW HITPOINT WARNING * * *
The skeletal warrior hits you with a +0 war axe!
You die...

#..........# #.
#..........#####.
#.........#......
#.........#.#####
#####†.....#....<#
#......###.#......
#.#.).............
#zz.##.####....)##
#hz...............
###########.....##
#.....# #.....#
#.....# #...[.##
#.....## #.....##
#.....##


You could see 3 skeletal warriors.

Vanquished Creatures
  Frances (D:12)
  A minotaur (Gauntlet)
  Snorg (D:11)
  An entropy weaver (Gauntlet)
  A boulder beetle (D:12)
  A death scarab (Gauntlet)
  2 centaur warriors
  4 two-headed ogres
  Urug (D:12)
  Sonja (D:12)
  A fire crab (D:11)
  A skeletal warrior (D:12)
  An obsidian statue (Gauntlet)
  Pikel (D:5)
  An ugly thing (D:12)
  An oklob plant (Gauntlet)
  A wolf spider (Gauntlet)
  A gargoyle (D:11)
  A tengu conjurer (D:13)
  A troll (D:10)
  A hornet (D:8)
  Sigmund (D:2)
  A spriggan (D:8)
  A shadow (D:9)
  12 yaks
  A vampire (D:10)
  5 wraiths
  A basilisk (shapeshifter) (D:12)
  Eustachio (D:4)
  A redback (Gauntlet)
  2 vampire mosquitoes (D:8)
  A steam dragon (D:9)
  Menkaure (D:4)
  2 acid dragons
  A water moccasin (D:8)
  A spectral torpor snail (Gauntlet)
  3 orc warriors
  An ice beast (D:6)
  6 laughing skulls
  3 black bears
  2 ogres
  5 centaurs
  3 lemures (D:5)
  Blork the orc (D:6)
  A weeping skull (Gauntlet)
  2 kobold brigands
  3 bullfrogs (D:6)
  A gnoll sergeant (D:10)
  6 scorpions
  8 wights (D:8)
  3 killer bees (D:11)
  2 electric eels (D:7)
  9 howler monkeys
  A bombardier beetle (D:4)
  2 gnoll boudas
  3 hounds
  4 orc priests
  3 jellies (D:6)
  2 sleepcaps
  7 iguanas
  10 orc wizards
  Robin (D:4)
  13 gnolls
  12 adders
  2 white imps
  2 ufetubi (D:7)
  2 ribbon worms (D:2)
  5 dart slugs
  26 orcs
  5 endoplasms
  3 giant cockroaches
  11 hobgoblins
  5 quokkas
  7 ball pythons
  5 bats
  5 frilled lizards
  12 goblins
  17 kobolds
  3 rats
284 creatures vanquished.

Notes
Turn   | Place    | Note
-------+----------+-------------------------------------------
     0 | D:1      | greenreed the Troll Shapeshifter began the quest for the
                  | Orb.
     0 | D:1      | Reached XP level 1. HP: 18/18 MP: 0/0
    31 | D:1      | Reached skill level 1 in Fighting
   173 | D:1      | Reached XP level 2. HP: 27/27 MP: 1/1
   406 | D:1      | Reached XP level 3. HP: 33/33 MP: 2/2
   589 | D:2      | Reached XP level 4. HP: 42/42 MP: 3/3
   846 | D:2      | Noticed Sigmund
   854 | D:2      | Killed Sigmund
   855 | D:2      | Reached skill level 4 in Unarmed Combat
   855 | D:2      | Reached XP level 5. HP: 51/52 MP: 4/4
   977 | D:3      | Found Moitel's Antique Weapon Emporium.
  1188 | D:3      | Reached XP level 6. HP: 59/59 MP: 5/5
  1221 | D:3      | Found a faded altar of an unknown god.
  1669 | D:4      | Noticed Robin
  1707 | D:4      | Killed Robin
  1906 | D:4      | Noticed Eustachio
  1945 | D:4      | Killed Eustachio
  1946 | D:4      | Reached skill level 5 in Unarmed Combat
  2073 | D:4      | Reached XP level 7. HP: 67/67 MP: 6/6
  2242 | D:4      | Noticed Menkaure
  2248 | D:4      | Killed Menkaure
  2424 | D:5      | Entered Level 5 of the Dungeon
  2471 | D:5      | Noticed Pikel
  2530 | D:5      | Killed Pikel
  2531 | D:5      | Reached skill level 6 in Unarmed Combat
  2531 | D:5      | Reached XP level 8. HP: 74/79 MP: 7/7
  2637 | D:5      | Reached skill level 5 in Fighting
  2645 | D:5      | Reached skill level 7 in Unarmed Combat
  2784 | D:5      | Found a hide-covered altar of Uskayaw.
  2978 | D:5      | Reached skill level 5 in Shapeshifting
  3188 | D:6      | Identified the +1 pair of gloves "Doket" {Dex+2}
  3366 | D:6      | Reached XP level 9. HP: 87/89 MP: 8/8
  3691 | D:6      | Noticed Blork the orc
  3699 | D:6      | Killed Blork the orc
  3933 | D:6      | Reached skill level 8 in Unarmed Combat
  4105 | D:7      | You fall into a shaft and drop 3 floors!
  4105 | D:10     | Entered Level 10 of the Dungeon
  4105 | D:10     | Found a radiant altar of Vehumet.
  4477 | D:9      | Reached skill level 5 in Dodging
  4562 | D:10     | Reached skill level 9 in Unarmed Combat
  4587 | D:9      | Reached XP level 10. HP: 101/102 MP: 9/9
  4854 | D:7      | Found a staircase to the Ecumenical Temple.
  4873 | Temple   | Entered the Ecumenical Temple
  4883 | Temple   | Became a worshipper of Warmaster Okawaru
  5532 | D:8      | Reached * piety under Okawaru
  5698 | D:8      | Reached skill level 10 in Unarmed Combat
  5717 | D:8      | Reached ** piety under Okawaru
  5754 | D:8      | Found Emouq's Distillery.
  5762 | D:8      | Bought a potion of curing for 39 gold pieces
  5762 | D:8      | Bought a potion of lignification for 39 gold pieces
  5762 | D:8      | Bought a potion of heal wounds for 65 gold pieces
  5854 | D:8      | Noticed a two-headed ogre
  5854 | D:8      | Noticed a two-headed ogre
  5860 | D:8      | Killed a two-headed ogre
  5864 | D:8      | Killed a two-headed ogre
  5864 | D:8      | Reached *** piety under Okawaru
  5865 | D:8      | Reached XP level 11. HP: 105/113 MP: 10/10
  5877 | D:8      | Found the +8 pair of quick blades "Gyre" and "Gimble"
                  | {protect}
  5914 | D:8      | Found an ornate altar of the Wu Jian Council.
  6086 | D:9      | Noticed a centaur warrior
  6097 | D:9      | Killed a centaur warrior
  7015 | D:11     | Found a gate leading to a gauntlet.
  7038 | D:11     | Noticed Snorg
  7062 | Gauntlet | Entered a Gauntlet
  7062 | Gauntlet | Found a transporter.
  7069 | Gauntlet | Noticed an oklob plant
  7071 | Gauntlet | Found a transporter.
  7074 | Gauntlet | Found a transporter.
  7075 | Gauntlet | Found a transporter.
  7078 | Gauntlet | Noticed a death scarab
  7083 | Gauntlet | Found a transporter.
  7086 | Gauntlet | Found a transporter.
  7087 | Gauntlet | Found a transporter.
  7089 | Gauntlet | Noticed a wolf spider
  7099 | Gauntlet | Found a transporter.
  7100 | Gauntlet | Found a transporter.
  7104 | Gauntlet | Found a transporter.
  7108 | Gauntlet | Found a transporter.
  7111 | Gauntlet | Found a transporter.
  7112 | Gauntlet | Found a transporter.
  7115 | Gauntlet | Noticed an obsidian statue
  7123 | Gauntlet | Found a transporter.
  7158 | Gauntlet | Noticed an entropy weaver
  7272 | Gauntlet | Killed an oklob plant
  7272 | Gauntlet | Reached **** piety under Okawaru
  7320 | Gauntlet | Killed a death scarab
  7321 | Gauntlet | Reached skill level 11 in Unarmed Combat
  7365 | Gauntlet | Killed an entropy weaver
  7366 | Gauntlet | Reached skill level 1 in Invocations
  7377 | Gauntlet | Killed a wolf spider
  7410 | Gauntlet | Noticed a soul eater
  7413 | Gauntlet | Killed an obsidian statue
  7416 | Gauntlet | Identified the +9 spear of Aseummen {pain, rC++ Str-5
                  | Dex+5}
  7550 | Gauntlet | Identified the +5 flail "Mughexzo" {drain, *Corrode rF+
                  | Will+ Dex+4}
  7550 | Gauntlet | Noticed a minotaur
  7556 | Gauntlet | Killed a minotaur
  7592 | Gauntlet | Identified the staff of Disharmony {rElec Will+ Dex+3 Air}
  7682 | D:11     | Killed Snorg
  7743 | D:11     | Noticed a two-headed ogre
  7750 | D:11     | Killed a two-headed ogre
  7766 | D:11     | Found a staircase to the Lair.
  7766 | D:11     | Noticed a fire crab
  7784 | D:11     | Killed a fire crab
  7784 | D:11     | Reached ***** piety under Okawaru
  7864 | D:11     | Noticed a centaur warrior
  7873 | D:11     | Killed a centaur warrior
  7874 | D:11     | Reached XP level 12. HP: 94/126 MP: 11/13
  8312 | D:11     | Noticed a two-headed ogre
  8323 | D:11     | Killed a two-headed ogre
  8489 | D:11     | Reached skill level 12 in Unarmed Combat
  8626 | D:12     | Noticed Urug
  8646 | D:12     | Killed Urug
  8830 | D:12     | Noticed Sonja
  8832 | D:12     | Killed Sonja
  8834 | D:12     | Found a staircase to the Orcish Mines.
  8841 | D:12     | Noticed a boulder beetle
  8848 | D:12     | Noticed Frances
  8864 | D:12     | Killed a boulder beetle
  8865 | D:12     | Reached skill level 10 in Fighting
  9272 | D:12     | Killed Frances
  9514 | D:12     | Slain by a skeletal warrior

Illustrated notes

Levels and vault maps discovered:
D:1:      elethiomel_arrival_quiet, layout_rooms
D:2:      layout_rooms, uniq_sigmund
D:3:      layout_basic, serial_shops, shop_statue, basic_ecumenical_altar
D:4:      layout_loops_ring, uniq_eustachio, uniq_robin, uniq_menkaure
D:5:      layout_loops_ring, nicolae_uskayaw_suspiria, uniq_pikel
D:6:      minmay_diamond_boxcup, layout_basic, uniq_blork_the_orc
D:7:      statuecave_lemuel, layout_rooms, minmay_temple_entry_arrows
D:8:      layout_rooms, kennysheep_mini_moat, serial_shops, shop,
          hellmonk_guarded_unrand_gyre_and_gimble
D:9:      layout_stronghold, serial_column_ruins, column_ruins_circle_medium,
          column_ruins_open_small, column_ruins_columns_water,
          column_ruins_open_small_water, column_ruins_grid_3,
          column_ruins_open_tiny, column_ruins_open_medium, column_ruins_grid_1
D:10:     layout_cave_pools, old_standard_altar
D:11:     layout_basic, minmay_lair_entry_lava, gauntlet_entry_generic,
          uniq_snorg
D:12:     layout_basic, orc_0_dummy, grunt_ogre_cave, uniq_sonja, uniq_urug,
          uniq_frances
D:13:     layout_cave_pools, st_stairs_4
Temple:   nicolae_temple_bog_church

Skill      XL: |  1  2  3  4  5  6  7  8  9 10 11 12 |
---------------+-------------------------------------+-----
Fighting       | 1 2 3 4 5 7 8 9 10 | 10.3
Dodging        | 2 3 4 5 6 7 |  7.3
Unarmed Combat | 4 5 6 7 9 10 11 12 | 12.5
Shapeshifting  | 4 5 6 7 8 |  8.3
Invocations    | 2 3 |  3.9

Action                     |  1- 3 |  4- 6 |  7- 9 | 10-12 || total
---------------------------+-------+-------+-------+-------++-------
  Melee: Unarmed           |    73 |   103 |   239 |   343 ||   758
         Punch             |     1 |     1 |     8 |    19 ||    29
  Throw: Dart              |       |     2 |       |     2 ||     4
 Invoke: Heroism           |       |       |       |     9 ||     9
  Evoke: Wand              |       |       |       |     7 ||     7
   Stab: Sleeping          |     1 |       |       |       ||     1
         Distracted        |       |       |     1 |       ||     1
 Armour: Animal skin       |    50 |    58 |   180 |    19 ||   307
         Steam dragon scal |       |       |       |   214 ||   214
  Dodge: Dodged            |    29 |    49 |    81 |   124 ||   283
  Block: Other             |       |     9 |    37 |    57 ||   103
         Reflection        |       |       |       |     4 ||     4
   Form: Beast             |     1 |       |       |       ||     1

Table legend: (Time is in decaauts)
 A = Elapsed time spent in this place.
 B = Non-inter-level travel time spent in this place.
 C = Inter-level travel time spent in this place.
 D = Time resting spent in this place.
 E = Time spent auto-exploring this place.
 F = Levels seen in this place.
 G = Mean time per level.
                   A        B        C        D        E       F      G
               +--------+--------+--------+--------+--------+-----+--------+
         Total |   9410 |   8981 |    429 |    599 |   6411 |  15 |  627.3 |
       Dungeon |   8786 |   8375 |    411 |    447 |   6180 |  13 |  675.8 |
        Temple |     20 |      2 |     18 |      0 |      0 |   1 |   20.0 |
      Gauntlet |    602 |    602 |      0 |    152 |    231 |   1 |  602.0 |
               +--------+--------+--------+--------+--------+-----+--------+

Top non-repeatable levels by time:
    D:11: 1015 daAuts
     D:9: 977 daAuts
     D:6: 941 daAuts
    D:12: 805 daAuts
     D:4: 785 daAuts
     D:5: 714 daAuts
     D:3: 695 daAuts
    D:10: 665 daAuts
     D:8: 624 daAuts
Gauntlet: 602 daAuts
     D:7: 593 daAuts
     D:2: 475 daAuts
     D:1: 452 daAuts
    D:13: 41 daAuts
  Temple: 20 daAuts
